 Dungeon Crawl Stone Soup version 0.18-a0-1361-g9293dd1 (webtiles) character file.

20 Kidiri the Grave Robber (level 2, 0/20 HPs)
             Began as a Vampire Necromancer on Feb 20, 2016.
             Slain by a goblin
             ... wielding a +0 dagger
              (4 damage)
             ... on level 2 of the Dungeon.
             The game lasted 00:03:22 (1013 turns).

Kidiri the Grave Robber (Vampire Necromancer)       Turns: 1013, Time: 00:03:22

Health: 0/20       AC:  3    Str: 11    XL:     2   Next: 58%
Magic:  0/5        EV: 12    Int: 17    God:
Gold:   80         SH:  0    Dex: 14    Spells: 2 memorised, 3 levels left

rFire  . . .     SeeInvis +     f - +0 dagger
rCold  + . .     Gourm    .     k - +0 leather armour
rNeg   + + .     Faith    .     (no shield)
rPois  +         Spirit   .     (no helmet)
rElec  .         Dismiss  .     (no cloak)
rCorr  .         Reflect  .     (no gloves)
SustAt .         Harm     .     (no boots)
MR     .....                    (no amulet)
Stlth  ++........               (no ring)
                                e - +4 ring of strength

@: regenerating slowly, not resistant to hostile enchantments, unstealthy
A: fangs 3, see invisible, unbreathing
a: no special abilities


You were on level 2 of the Dungeon.
You were thirsty.

You visited 1 branch of the dungeon, and saw 2 of its levels.

You collected 80 gold pieces.

Inventory:

Hand Weapons
 f - a +0 dagger (weapon)
Armour
 k - a +0 leather armour (worn)
Jewellery
 e - a +4 ring of strength (left hand)
Scrolls
 d - 2 scrolls of identify {unknown}
 g - a scroll of amnesia {unknown}
 i - a scroll of remove curse {unknown}
Potions
 a - a potion of flight {unknown}
 c - a potion of blood
 h - a potion of heal wounds {unknown}
 j - a potion of curing {unknown}
 l - a potion of brilliance {unknown}
Books
 b - a book of Necromancy

   Spells                             Type                      Level
   a - Pain                           Necromancy                   1
   b - Animate Skeleton               Necromancy                   1
   c - Vampiric Draining              Necromancy                   3
   d - Regeneration                   Charms/Necromancy            3
   e - Animate Dead                   Necromancy                   4
   f - Control Undead                 Necromancy                   4


   Skills:
 + Level 0.6 Fighting
 + Level 0.2 Short Blades
 + Level 0.0 Armour
 * Level 2.7 Dodging
 * Level 3.4 Stealth
 * Level 2.1 Spellcasting
 + Level 4.4 Necromancy


You had 3 spell levels left.
You knew the following spells:

 Your Spells              Type           Power        Failure   Level  Hunger
a - Pain                  Necr           ###.         6%          1    #......
b - Animate Skeleton      Necr           N/A          6%          1    #......


Dungeon Overview and Level Annotations

Branches:
Dungeon (2/15)

Altars:


Innate Abilities, Weirdness & Mutations

You heal slowly.
You have razor-sharp teeth.
You have supernaturally acute eyesight.
You can survive without breathing.


Message History

Casting: Pain
Confirm with . or Enter, or press ? or * to list all spells.
Aiming: Pain
Press: ? - help, Shift-Dir - straight line, f - goblin
Aim: a goblin, wielding a hunting sling (chance to defeat MR: 93%)
Okay, then.
Unknown command.
The goblin unwields an uncursed hunting sling.
The goblin wields an uncursed dagger.
The goblin hits you with an uncursed dagger.
* * * LOW HITPOINT WARNING * * *
You see here a jackal corpse.
Unknown command.
Casting: Pain
Confirm with . or Enter, or press ? or * to list all spells.
You attempt to give life to the dead...
Before your eyes, flesh is ripped from the corpse!
The dead are walking!
The goblin hits you with an uncursed dagger.
You die...

.#################
.............(@gg########
..(.....########Z........
.#.###..########..#......
#....#.......>.####.
#............###
##...#<####.##
#.........# #.#
#.........# #.#
#.........# #.#


You could see a hobgoblin, a goblin and a friendly jackal skeleton.

Vanquished Creatures
  A giant gecko (D:1)
  A ball python (D:1)
  A hobgoblin (D:1)
  4 jackals (D:2)
  2 giant newts (D:1)
  5 kobolds (D:1)
  2 rats
16 creatures vanquished.

Vanquished Creatures (collateral kills)
  A giant gecko (D:1)
  A rat (D:1)
2 creatures vanquished.

Grand Total: 18 creatures vanquished

Notes
Turn   | Place    | Note
--------------------------------------------------------------
     0 | D:1      | Kidiri the Vampire Necromancer began the quest for the Orb.
     0 | D:1      | Reached XP level 1. HP: 13/13 MP: 3/3
     4 | D:1      | Learned a level 1 spell: Animate Skeleton
   761 | D:1      | Reached XP level 2. HP: 20/20 MP: 3/5
  1013 | D:2      | Slain by a goblin

Vault maps used:
D:1:      minmay_arrival_doors
D:2:      grunt_pakellas_basics

Action                   || total
-------------------------++-------
Melee: Unarmed           ||    21
       Dagger            ||    26
 Cast: Animate Skeleton  ||     9
       Pain              ||    12
 Stab: Sleeping          ||     5
